 Dungeon Crawl Stone Soup version 0.28-a0-723-g095bd1b44f (webtiles) character file.

Game seed: 10666297654414084734

4 BlueGoblin the Ducker (level 1, 0/11 HPs)
             Began as a Spriggan Monk on Oct 26, 2021.
             Slain by a goblin (2 damage)
             ... on level 1 of the Dungeon.
             The game lasted 00:01:23 (240 turns).

BlueGoblin the Ducker (Spriggan Monk)                Turns: 240, Time: 00:01:23

Health: 0/11       AC:  2    Str:  7    XL:     1   Next: 50%
Magic:  2/2        EV: 19    Int: 11    God:
Gold:   0          SH:  0    Dex: 17    Spells: 0/0 levels left

rFire   . . .      SeeInvis +   a - +0 short sword
rCold   . . .      Faith    .   (shield restricted)
rNeg    . . .      Spirit   .   b - +0 robe
rPois   .          Reflect  .   (helmet restricted)
rElec   .          Harm     .   (no cloak)
rCorr   .          Rampage  .   (gloves unavailable)
Will    .....                   (boots unavailable)
Stlth   ++........              (no amulet)
HPRegen 0.03/turn               (no ring)
MPRegen 0.08/turn               (no ring)

@: very quick
A: very small, no large weapons, unfitting armour, see invisible, speed 3
a: no special abilities


You were on level 1 of the Dungeon.
You visited 1 branch of the dungeon, and saw 2 of its levels.

Inventory:

Hand Weapons
 a - a +0 short sword (weapon)
 c - a +1 short sword of holy wrath
Armour
 b - a +0 robe (worn)
Scrolls
 d - a scroll of identify {unknown}


   Skills:
 - Level 2.4 Fighting
 - Level 3.2 Short Blades
 + Level 4.4 Dodging
 - Level 3.0 Stealth


You couldn't memorise any spells.
You didn't know any spells.
Your spell library was empty.

Dungeon Overview and Level Annotations

Branches:
Dungeon (2/15)

Altars:


Innate Abilities, Weirdness & Mutations

You are very small and have problems with some larger weapons.
You are too small for most types of armour.
You have supernaturally acute eyesight. (SInv)
You cover ground extremely quickly. (Speed+++)


Message History

You hear a splashing noise.
A ball python comes into view.
The hobgoblin hits you but does no damage.
You hit the goblin but do no damage. The goblin barely misses you.
The hobgoblin closely misses you. The goblin completely misses you.
The giant cockroach waves its antennae.
A kobold comes into view. It is wielding a +0 dagger.
The goblin hits the plant with a +0 dagger.
The plant begins to die.
The bat misses you. The bat misses you. The bat closely misses you.
A nearby plant withers and dies.
Found a short sword.
The bat hits you but does no damage. The bat completely misses you.
The bat misses you.
The kobold shouts!
The bat completely misses you.
Found a faded altar of an unknown god.
The hobgoblin shouts!
The giant cockroach bites the plant.
The plant begins to die.
You hit the jackal.
The jackal is moderately wounded.
The bat closely misses you. The jackal bites you.
* * * LOW HITPOINT WARNING * * *
The ball python misses you. The ball python closely misses you.
The jackal barely misses you. The jackal misses you.
The kobold barely misses you.
The frilled lizard hisses angrily.
The bat barely misses you. The ball python barely misses you.
The ball python closely misses you. The bat misses you.
The endoplasm hits the fungus.
The fungus begins to die.
The bat completely misses you.
A frilled lizard comes into view.
The bat completely misses you.
The frilled lizard hisses angrily.
The goblin shouts!
The bat misses you.
A quokka comes into view.
The quokka bites the plant.
The goblin hits you with a +0 dagger.
You die...

..# #.####....P≈≈≈P...####.#
#.# #..........P≈P....# # #.#
#####.......P.....# ..#
#.#...........## ..#
#.......<......# .##
##.............# .#
##.....P.|....# .##
#....P≈P....... .)#
###.@gPl≈≈P....... ..#
##....P≈≈≈≈≈P...... !.#
##....P≈≈≈≈≈≈rP....
..#########)...b≈≈≈≈≈≈≈≈≈P.###
#....l......>..###########....
#....######..................##
####.# #...............##... #
#r# #...h..........S..# # #l#
###....S...........#


You could see a quokka, a jackal, a goblin, a bat and a frilled lizard.

Vanquished Creatures
  A dart slug (D:1)
  A goblin (D:1)
2 creatures vanquished.

Vanquished Creatures (others)
  2 fungi (D:1)
  7 plants (D:1)
9 creatures vanquished.

Grand Total: 11 creatures vanquished

Notes
Turn   | Place    | Note
-------+----------+-------------------------------------------
     0 | D:1      | BlueGoblin the Spriggan Monk began the quest for the Orb.
     0 | D:1      | Reached XP level 1. HP: 11/11 MP: 2/2
   220 | D:1      | Found a faded altar of an unknown god.
   240 | D:1      | Slain by a goblin

Illustrated notes

Levels and vault maps discovered:
D:1:      eino_arrival_druids_welcome, layout_rooms,
          shapermc_ecumenical_altar_acropolis
D:2:      layout_loops_cross, solitary_fountain

Action                   || total
-------------------------++-------
Melee: Short sword       ||    14
 Stab: Sleeping          ||     1
Armor: Robe              ||     4
Dodge: Dodged            ||    31

Table legend: (Time is in decaauts)
 A = Elapsed time spent in this place.
 B = Non-inter-level travel time spent in this place.
 C = Inter-level travel time spent in this place.
 D = Time resting spent in this place.
 E = Time spent auto-exploring this place.
 F = Levels seen in this place.
 G = Mean time per level.
                   A        B        C        D        E       F      G
               +--------+--------+--------+--------+--------+-----+--------+
         Total |    152 |    152 |      0 |      0 |      2 |   2 |   76.0 |
       Dungeon |    152 |    152 |      0 |      0 |      2 |   2 |   76.0 |
               +--------+--------+--------+--------+--------+-----+--------+

Top non-repeatable levels by time:
     D:1: 151 daAuts
     D:2: 1 daAuts
